 Dungeon Crawl Stone Soup version 0.31-a0-965-g8a8ce12e04 (webtiles) character file.

Game seed: 14616198286148086903

79 Ahpoh the Insei (level 4, -4/34 HPs)
             Began as a Gnoll Shapeshifter on Oct 26, 2023.
             Slain by Grinder (9 damage)
             ... on level 3 of the Dungeon.
             The game lasted 00:07:23 (2614 turns).

Ahpoh the Insei (Gnoll Shapeshifter)                Turns: 2614, Time: 00:07:24

Health: -4/34      AC:  5    Str: 13    XL:     4   Next: 37%
Magic:  5/5        EV: 12    Int:  9    God:
Gold:   126        SH:  0    Dex: 14    Spells: 5/5 levels left

rFire   . . .        h - +0 long sword
rCold   . . .        (no shield)
rNeg    . . .        q - +0 ring mail
rPois   .            (helmet currently unavailable)
rElec   .            j - melded scarf {shadows}
rCorr   .            p - melded +0 pair of gloves
SInv    .            (boots currently unavailable)
Will    .....        (no amulet)
Stlth   +            (no ring)
HPRegen 0.25/turn    (no ring)
MPRegen 0.09/turn

%: no passive effects
@: beast-form
A: beast (slay +3), fangs 1, strong nose, distributed training
a: Begin Untransformation


You were on level 3 of the Dungeon.
You were a hulking beast.
You visited 1 branch of the dungeon, and saw 3 of its levels.

You collected 126 gold pieces.

Inventory:

Hand Weapons
 h - a +0 long sword (weapon)
Missiles
 m - 4 boomerangs
Armour
 a - a +0 animal skin
 j - a scarf of shadows (melded)
 p - a +0 pair of gloves (melded)
 q - a +0 ring mail (worn)
Talismans
 c - a beast talisman (active)
 d - a flux talisman
Scrolls
 b - 3 scrolls of identify {unknown}
 e - a scroll of noise {unknown}
 f - a scroll of teleportation {unknown}
 g - a scroll of brand weapon {unknown}
 n - a scroll of fog {unknown}
Potions
 i - a potion of ambrosia {unknown}
 k - a potion of berserk rage {unknown}
 l - a potion of haste {unknown}
 o - a potion of mutation {unknown}


   Skills:
 + Level 2.7 Fighting
 + Level 1.1 Short Blades
 + Level 1.1 Long Blades
 + Level 1.1 Axes
 + Level 1.1 Maces & Flails
 + Level 1.1 Polearms
 + Level 1.1 Staves
 + Level 1.1 Ranged Weapons
 + Level 1.1 Throwing
 + Level 1.1 Armour
 + Level 4.6 Dodging
 + Level 1.1 Stealth
 + Level 1.1 Shields
 + Level 6.6 Unarmed Combat
 + Level 1.1 Spellcasting
 + Level 0.9 Conjurations
 + Level 0.9 Hexes
 + Level 0.9 Summonings
 + Level 0.9 Necromancy
 + Level 0.9 Translocations
 + Level 0.9 Transmutations
 + Level 0.9 Fire Magic
 + Level 0.9 Ice Magic
 + Level 0.9 Air Magic
 + Level 0.9 Earth Magic
 + Level 0.9 Poison Magic
 + Level 1.2 Invocations
 + Level 1.1 Evocations
 + Level 6.5 Shapeshifting


You had 5 spell levels left.
You didn't know any spells.
Your spell library contained the following spells:

 Spells                   Type           Power      Damage    Failure   Level
 Slow                     Hex            8%         N/A       47%         1
 Confusing Touch          Hex            2%         N/A       85%         3
 Sigil of Binding         Hex            2%         N/A       85%         3
 Vampiric Draining        Necr           2%         2d6       85%         3


Dungeon Overview and Level Annotations

Branches:
Dungeon (3/15)

Altars:

Annotations:
D:3 Grinder


Innate Abilities, Weirdness & Mutations

You are a hulking beast.
Your limbs bulge with bestial killing power. (Slay +3)
You have very sharp teeth.
Your uncanny sense of smell can sniff out nearby items.
Your experience applies equally to all skills.


Message History

The ball python misses you. The ball python grabs you.
The ball python constricts you. The ball python bites you.
The ball python constricts you.
You hit the ball python.
You kill the ball python!
b - 3 scrolls labelled HECVAE ITRALE (gained 1)
You enter the shallow water.
Moving in this stuff is going to be slow.
Found a leather armour.
Found a stone staircase leading down.
Grinder comes into view.
Grinder shouts!
Sorry, you're not good enough to have a special ability.
Grinder is nearby!
You begin transforming.
You continue transforming. x2
Grinder gestures at you. You resist with significant effort.
You continue transforming.
Grinder hits you but does no damage.
You turn into a hulking beast.
Your scarf of shadows melds into your body.
Your +0 pair of gloves melds into your body.
The dungeon's light returns to normal.
You hit Grinder.
Grinder is lightly wounded.
Grinder hits you.
You writhe in agony.
Grinder hits you.
You writhe in agony.
You slash Grinder!
Grinder is moderately wounded.
Grinder gestures at you. Pain shoots through your body!
Unknown command.
You hit Grinder.
Grinder is heavily wounded.
Grinder hits you!
* * * LOW HITPOINT WARNING * * *
You slash Grinder! You bite Grinder.
Grinder is severely wounded.
Grinder hits you!
You die...
Grinder says, "Now the real fun starts!"

##### ####### #...#
#...... #...# .......
#...# ....... #...#
.......###########...###
#...5h................
......###.........##...#..
....>..##
#.######.....###†#
........###.######.....#
#.#
....[.#..##............#
#.#
............######.....#
#.#
......#.........##.....#
#..
......#.#...###.##.....#
### #......#
#.##.....#####


You could see Grinder.

Vanquished Creatures
  Robin (D:1)
  An adder (D:2)
  An orc (D:3)
  9 ball pythons
  2 bats (D:1)
  An endoplasm (D:1)
  3 giant cockroaches
  13 goblins
  7 hobgoblins
  2 quokkas
  2 frilled lizards
  6 kobolds
  6 rats
54 creatures vanquished.

Notes
Turn   | Place    | Note
-------+----------+-------------------------------------------
     0 | D:1      | Ahpoh the Gnoll Shapeshifter began the quest for the Orb.
     0 | D:1      | Reached XP level 1. HP: 17/17 MP: 1/1
   203 | D:1      | Reached XP level 2. HP: 21/23 MP: 2/2
   903 | D:2      | Reached XP level 3. HP: 18/28 MP: 3/3
  1001 | D:2      | Noticed Robin
  1262 | D:2      | Reached skill level 1 in Invocations
  1355 | D:1      | Killed Robin
  1356 | D:1      | Reached skill level 1 in Short Blades
  1356 | D:1      | Reached skill level 1 in Long Blades
  1356 | D:1      | Reached skill level 1 in Axes
  1356 | D:1      | Reached skill level 1 in Maces & Flails
  1356 | D:1      | Reached skill level 1 in Polearms
  1356 | D:1      | Reached skill level 1 in Staves
  1356 | D:1      | Reached skill level 1 in Ranged Weapons
  1356 | D:1      | Reached skill level 1 in Throwing
  1356 | D:1      | Reached skill level 1 in Armour
  1356 | D:1      | Reached skill level 1 in Stealth
  1356 | D:1      | Reached skill level 1 in Shields
  1356 | D:1      | Reached skill level 1 in Spellcasting
  1356 | D:1      | Reached skill level 1 in Evocations
  1539 | D:2      | Reached XP level 4. HP: 22/34 MP: 5/5
  2606 | D:3      | Noticed Grinder
  2614 | D:3      | Slain by Grinder

Illustrated notes

Levels and vault maps discovered:
D:1:      wheals_arrival_linesprint, layout_loops_cross
D:2:      layout_loops_ring, minmay_tromino_v2, uniq_robin
D:3:      cheibrodos_helix_gallery, layout_basic, uniq_grinder

Skill      XL: |  1  2  3 |
---------------+----------+-----
Invocations    | 1 |  1.2
Short Blades   | 1 |  1.1
Long Blades    | 1 |  1.1
Axes           | 1 |  1.1
Maces & Flails | 1 |  1.1
Polearms       | 1 |  1.1
Staves         | 1 |  1.1
Ranged Weapons | 1 |  1.1
Throwing       | 1 |  1.1
Armour         | 1 |  1.1
Stealth        | 1 |  1.1
Shields        | 1 |  1.1
Spellcasting   | 1 |  1.1
Evocations     | 1 |  1.1
Fighting       | |  2.7
Dodging        | |  4.6
Unarmed Combat | |  6.6
Conjurations   | |  0.9
Hexes          | |  0.9
Summonings     | |  0.9
Necromancy     | |  0.9
Translocations | |  0.9
Transmutations | |  0.9
Fire Magic     | |  0.9
Ice Magic      | |  0.9
Air Magic      | |  0.9
Earth Magic    | |  0.9
Poison Magic   | |  0.9
Shapeshifting  | |  6.5

Action                     |  1- 3 |  4- 6 || total
---------------------------+-------+-------++-------
  Melee: Unarmed           |     6 |       ||     6
         Long sword        |    68 |    42 ||   110
         Bite              |     5 |     4 ||     9
Ability: Begin Untransform |       |     1 ||     1
    Use: Potion            |     2 |       ||     2
   Stab: Sleeping          |       |     1 ||     1
 Armour: Animal skin       |    55 |       ||    55
         Skin              |    12 |       ||    12
         Ring mail         |       |    19 ||    19
         Leather armour    |       |     9 ||     9
  Dodge: Dodged            |    54 |    40 ||    94
   Form: Beast             |       |     3 ||     3
                           |       |     1 ||     1

Table legend: (Time is in decaauts)
 A = Elapsed time spent in this place.
 B = Non-inter-level travel time spent in this place.
 C = Inter-level travel time spent in this place.
 D = Time resting spent in this place.
 E = Time spent auto-exploring this place.
 F = Levels seen in this place.
 G = Mean time per level.
                   A        B        C        D        E       F      G
               +--------+--------+--------+--------+--------+-----+--------+
         Total |   2658 |   2658 |      0 |    446 |   1407 |   3 |  886.0 |
       Dungeon |   2658 |   2658 |      0 |    446 |   1407 |   3 |  886.0 |
               +--------+--------+--------+--------+--------+-----+--------+

Top non-repeatable levels by time:
     D:1: 1304 daAuts
     D:2: 896 daAuts
     D:3: 457 daAuts
